Bruins vs Hurricanes

Created - 29 janvier 2018 at 17:02

Goals
1 2 3 T
Bruins 1 2 0 3
Hurricanes 0 1 0 1
Shots
1 2 3 T
Bruins 13 9 9 31
Hurricanes 4 11 11 26

1st period

1. Bruins , Andrew Ladd 10 (Patrice Bergeron 28, Shea Weber 21) at 4:52 (PP)

Penalties :
Andrew Ladd (BOS) for Hooking (Minor) at 0:42, Brian Dumoulin (CAR) for Hooking (Minor) at 3:12, Marcus Foligno (CAR) for Tripping (Minor) at 5:54, Lee Stempniak (CAR) for Roughing (Minor) at 10:44, Dustin Byfuglien (CAR) for Cross-checking (Minor) at 13:38

2nd period

2. Bruins , Patrice Bergeron 16 (Shea Weber 22, Corey Perry 23) at 2:47 (PP)
3. Bruins , P.K. Subban 3 (Corey Perry 24, Patrice Bergeron 29) at 12:02
4. Hurricanes , Bryan Little 21 (Brett Pesce 19, Marcus Foligno 3) at 15:27

Penalties :
Jon Merrill (CAR) for Roughing (Minor) at 2:00

3rd period

No Goal

Penalties :
Andrew Ladd (BOS) for Diving (Minor) at 0:19, Jake Guentzel (BOS) for High sticking (Minor) at 2:40, Jon Merrill (CAR) for Roughing (Minor) at 9:01, Carl Soderberg (BOS) for Hooking (Minor) at 18:47

Goalie Stats

Carey Price (BOS), 25 saves from 26 shots - (0.962), W, 20-16-2, 60:00 minutes
Frederik Andersen (CAR), 28 saves from 31 shots - (0.903), L, 25-15-4, 60:00 minutes

Players Stats for Bruins

Player Name              G  A  P  +/- PIM S  H  SB GA TA FO     MP     PP MP  PK MP  
------------------------------------------------------------------------------------
Andrew Copp              0  0  0   0  0   3  0  0  0  0  7/9     5:29   0:00   0:01 
Andrew Ladd              1  0  1   1  4   2  2  0  0  0  0/0    18:07   4:27   0:58 
Brendan Gallagher        0  0  0  -1  0   4  0  0  0  0  0/1    17:35   5:20   0:00 
Carl Soderberg           0  0  0   0  2   2  2  0  0  0  6/9    12:50   0:50   0:00 
Connor Brown             0  0  0   0  0   4  0  0  0  0  0/0    14:26   0:00   2:15 
Corey Perry              0  2  2   1  0   1  1  0  0  0  1/6    19:22   4:13   2:25 
Greg Pateryn             0  0  0   0  0   0  0  0  0  0  0/0     2:27   0:00   0:00 
Jake Guentzel            0  0  0   0  2   1  1  0  0  0  0/0    12:36   0:36   0:00 
Jake Muzzin              0  0  0  -1  0   0  0  1  0  0  0/0    21:53   5:09   3:38 
Leon Draisaitl           0  0  0  -1  0   2  1  0  0  0  11/23  22:06   5:56   3:55 
Mark Streit              0  0  0   0  0   0  1  0  0  0  0/0    10:47   0:00   0:00 
Melker Karlsson          0  0  0   0  0   1  0  0  0  0  0/0     5:28   0:00   0:00 
Noah Hanifin             0  0  0   0  0   1  0  0  0  0  0/0    10:47   0:00   0:00 
P.K. Subban              1  0  1   1  0   3  0  0  0  0  0/0    24:53   5:14   3:31 
Patrice Bergeron         1  2  3   1  0   2  0  1  0  0  23/35  26:17   4:27   4:11 
Ryan Spooner             0  0  0  -1  0   2  1  1  0  0  2/6    18:31   5:20   0:33 
Shea Weber               0  2  2   1  0   2  2  0  0  0  0/0    27:20   5:14   3:31 
Torey Krug               0  0  0  -1  0   1  2  2  0  0  0/0    21:53   5:09   3:38 

Players Stats for Hurricanes

Player Name              G  A  P  +/- PIM S  H  SB GA TA FO     MP     PP MP  PK MP  
------------------------------------------------------------------------------------
Alex Chiasson            0  0  0   0  0   1  1  0  0  0  0/0    10:51   2:55   0:00 
Brad Richardson          0  0  0   1  0   2  1  0  0  0  6/10   10:40   0:00   4:24 
Brett Pesce              0  1  1   1  0   0  2  4  0  0  0/0    19:01   3:15   4:34 
Brian Dumoulin           0  0  0  -1  2   0  1  1  0  0  0/0    13:36   0:00   1:23 
Brian Strait             0  0  0   0  0   0  0  1  0  0  0/0     5:47   0:00   0:00 
Bryan Little             1  0  1   1  0   2  2  0  0  0  10/23  15:51   4:14   0:00 
Carl Hagelin             0  0  0   0  0   0  1  0  0  0  1/1    15:07   0:00   5:17 
Derek Ryan               0  0  0  -1  0   0  1  0  0  0  10/22  18:23   2:55   0:00 
Dustin Byfuglien         0  0  0   0  2   5  5  2  0  0  0/0    27:59   3:54   5:04 
Jon Merrill              0  0  0  -1  4   0  4  0  0  0  0/0    12:12   0:00   0:00 
Keith Yandle             0  0  0   0  0   0  0  2  0  0  0/0    23:00   3:54   5:51 
Lee Stempniak            0  0  0   0  2   4  2  0  0  0  0/1    16:43   4:14   0:00 
Leo Komarov              0  0  0   0  0   1  2  0  0  0  8/25   17:47   0:00   5:17 
Marcus Foligno           0  1  1   1  2   0  2  0  0  0  2/2     6:57   0:00   0:42 
Michael Frolik           0  0  0  -1  0   3  0  1  0  0  0/2    20:15   0:00   4:29 
Nick Foligno             0  0  0  -1  0   4  5  0  0  0  1/2    20:17   2:55   0:37 
Patrick Wiercioch        0  0  0   1  0   0  1  1  0  0  0/0    18:21   3:15   3:54 
Zach Parise              0  0  0   0  0   4  0  0  0  0  1/1    16:44   4:14   0:00 

3 Stars

1 - Patrice Bergeron (BOS)
2 - Shea Weber (BOS)
3 - Carey Price (BOS)

Power Play

Bruins - 2 on 6 Attempt(s) - 33.33%
Hurricanes - 0 on 4 Attempt(s) - 0.00%

Penalty Kill

Bruins - 4 on 4 Attempt(s) - 100.00% - Score 0 goal in Penalty Kill
Hurricanes - 4 on 6 Attempt(s) - 66.67% - Score 0 goal in Penalty Kill

Team Stat

Bruins - Hits : 13 - Faceoff Wins : 50 - Blocked Shots : 5 - Penalty Minutes : 8
Hurricanes - Hits : 30 - Faceoff Wins : 39 - Blocked Shots : 12 - Penalty Minutes : 12

Official

Referees : TJ Luxmore and Ghislain Hebert
Linesman : Thor Nelson and John Grandt

Game Notes

No Game Note

Finance

Level 1 -- Attendance: 4514 (75.23%) -- Ticket Income 532 652 $
Level 2 -- Attendance: 4787 (95.74%) -- Ticket Income 359 025 $
Level 3 -- Attendance: 3064 (87.54%) -- Ticket Income 147 072 $
Level 4 -- Attendance: 2797 (87.96%) -- Ticket Income 83 910 $
Luxury Box -- Attendance: 1000 (100.00%) -- Ticket Income 211 000 $
Game was played at the PNC Arena.
Total Attendance: 16162 (86.52%)
Total Ticket Income: 1 333 659 $
Other Income: 200 049 $
Total Income: 1 533 708 $

% Time on Ice - Bruins

Lines # - Real PCT - Wanted PCT - Time Play
Normal Forward
1 - 30% - 40% - 12:44
2 - 29% - 30% - 12:15
3 - 28% - 20% - 12:01
4 - 13% - 10% - 5:28
Normal Defense
1 - 38% - 40% - 16:08
2 - 31% - 30% - 13:06
3 - 25% - 20% - 10:47
4 - 6% - 10% - 2:27
PP Forward
1 - 43% - 60% - 4:27
2 - 57% - 40% - 5:56
PP Defense
1 - 50% - 60% - 5:14
2 - 50% - 40% - 5:09
PK Forward
1 - 66% - 60% - 4:44
2 - 34% - 40% - 2:25
PK Defense
1 - 49% - 60% - 3:31
2 - 51% - 40% - 3:38
PK3 Forward
1 - 0% - 60%
2 - 0% - 40%
PK3 Defense
1 - 0% - 60%
2 - 0% - 40%
44 Forward
1 - 0% - 60%
2 - 0% - 40%
44 Defense
1 - 0% - 60%
2 - 0% - 40%
Last Minute Offensive  - 0:00
Last Minute Defensive  - 0:00
Total
Forward - 60:00
Defense - 60:00

% Time on Ice - Hurricanes

Lines # - Real PCT - Wanted PCT - Time Play
Normal Forward
1 - 37% - 40% - 15:46
2 - 29% - 30% - 12:30
3 - 19% - 20% - 7:56
4 - 15% - 10% - 6:16
Normal Defense
1 - 31% - 40% - 13:15
2 - 26% - 30% - 11:12
3 - 29% - 20% - 12:14
4 - 14% - 10% - 5:47
PP Forward
1 - 59% - 56% - 4:14
2 - 41% - 44% - 2:55
PP Defense
1 - 55% - 60% - 3:54
2 - 45% - 40% - 3:15
PK Forward
1 - 56% - 56% - 5:51
2 - 44% - 44% - 4:32
PK Defense
1 - 59% - 60% - 6:09
2 - 41% - 40% - 4:14
PK3 Forward
1 - 0% - 60%
2 - 0% - 40%
PK3 Defense
1 - 0% - 60%
2 - 0% - 40%
44 Forward
1 - 0% - 60%
2 - 0% - 40%
44 Defense
1 - 0% - 60%
2 - 0% - 40%
Last Minute Offensive  - 0:00
Last Minute Defensive  - 0:00
Total
Forward - 60:00
Defense - 60:00

Play by Play

1st period


0:01 of 1st period - Patrice Bergeron wins face-off versus Derek Ryan in neutral zone.
0:32 of 1st period - Shea Weber is hit by Nick Foligno and loses puck.
0:42 of 1st period - Minor Penalty to Andrew Ladd for Hooking.
0:43 of 1st period - Bryan Little wins face-off versus Patrice Bergeron in Bruins zone.
0:54 of 1st period - Icing by Bryan Little.
0:55 of 1st period - Bryan Little wins face-off versus Corey Perry in Hurricanes zone.
0:55 of 1st period - Bryan Little is hit by Corey Perry.
1:05 of 1st period - Shot by Torey Krug.
1:05 of 1st period - Stopped by Frederik Andersen with a rebound.
1:22 of 1st period - Off-side.
1:23 of 1st period - Derek Ryan wins face-off versus Patrice Bergeron in neutral zone.
1:32 of 1st period - Shot by Dustin Byfuglien.
1:32 of 1st period - Stopped by Carey Price with a rebound.
2:51 of 1st period - Marcus Foligno is hit by Ryan Spooner and loses puck.
3:10 of 1st period - Shot by Leon Draisaitl.
3:10 of 1st period - Shot Misses the Net.
3:12 of 1st period - Shot by Noah Hanifin.
3:12 of 1st period - Stopped by Frederik Andersen without a rebound.
3:12 of 1st period - Minor Penalty to Brian Dumoulin for Hooking.
3:13 of 1st period - Patrice Bergeron wins face-off versus Leo Komarov in Hurricanes zone.
3:20 of 1st period - Shot by Shea Weber.
3:20 of 1st period - Stopped by Frederik Andersen with a rebound.
3:22 of 1st period - Shot by P.K. Subban.
3:22 of 1st period - Shot Misses the Net.
3:24 of 1st period - Shot by Corey Perry.
3:24 of 1st period - Shot Misses the Net.
3:26 of 1st period - Shot by P.K. Subban.
3:26 of 1st period - Shot Blocked by Keith Yandle.
3:28 of 1st period - Shot by P.K. Subban.
3:28 of 1st period - Shot Blocked by Keith Yandle.
3:44 of 1st period - Shot by Andrew Ladd.
3:44 of 1st period - Stopped by Frederik Andersen with a rebound.
4:36 of 1st period - Shot by Shea Weber.
4:36 of 1st period - Stopped by Frederik Andersen without a rebound.
4:37 of 1st period - Patrice Bergeron wins face-off versus Brad Richardson in Hurricanes zone.
4:52 of 1st period - Shot by Andrew Ladd.
4:52 of 1st period - Goal by Andrew Ladd - Bruins : 1 - Hurricanes : 0.
4:53 of 1st period - Derek Ryan wins face-off versus Carl Soderberg in neutral zone.
5:01 of 1st period - Derek Ryan is hit by Torey Krug and loses puck.
5:37 of 1st period - Jake Guentzel is hit by Brett Pesce and loses puck.
5:43 of 1st period - Patrick Wiercioch is hit by Jake Guentzel and loses puck.
5:54 of 1st period - Minor Penalty to Marcus Foligno for Tripping.
5:55 of 1st period - Leon Draisaitl wins face-off versus Brad Richardson in Hurricanes zone.
6:04 of 1st period - Shot by P.K. Subban.
6:04 of 1st period - Stopped by Frederik Andersen without a rebound.
6:05 of 1st period - Patrice Bergeron wins face-off versus Leo Komarov in Hurricanes zone.
7:38 of 1st period - Icing by Andrew Ladd.
7:39 of 1st period - Brad Richardson wins face-off versus Corey Perry in Bruins zone.
8:34 of 1st period - Carl Soderberg is hit by Dustin Byfuglien and loses puck.
8:42 of 1st period - Icing by Brian Strait.
8:43 of 1st period - Leon Draisaitl wins face-off versus Bryan Little in Hurricanes zone.
8:58 of 1st period - Shot by Brendan Gallagher.
8:58 of 1st period - Stopped by Frederik Andersen with a rebound.
9:05 of 1st period - Leon Draisaitl is hit by Dustin Byfuglien and loses puck.
9:14 of 1st period - Shot by Ryan Spooner.
9:14 of 1st period - Stopped by Frederik Andersen without a rebound.
9:15 of 1st period - Patrice Bergeron wins face-off versus Michael Frolik in Hurricanes zone.
9:15 of 1st period - Corey Perry is hit by Patrick Wiercioch and loses puck.
9:20 of 1st period - Shot by Andrew Ladd.
9:20 of 1st period - Shot Blocked by Michael Frolik.
10:20 of 1st period - Icing by Leo Komarov.
10:21 of 1st period - Leon Draisaitl wins face-off versus Leo Komarov in Hurricanes zone.
10:21 of 1st period - Leon Draisaitl is hit by Dustin Byfuglien.
10:44 of 1st period - Minor Penalty to Lee Stempniak for Roughing.
10:45 of 1st period - Leo Komarov wins face-off versus Leon Draisaitl in Hurricanes zone.
12:53 of 1st period - Icing by Zach Parise.
12:54 of 1st period - Leo Komarov wins face-off versus Andrew Copp in Hurricanes zone.
12:58 of 1st period - Off-side.
12:59 of 1st period - Andrew Copp wins face-off versus Brad Richardson in neutral zone.
12:59 of 1st period - Patrice Bergeron is hit by Marcus Foligno and loses puck.
13:09 of 1st period - Shot by Patrice Bergeron.
13:09 of 1st period - Shot Misses the Net.
13:11 of 1st period - Shot by Melker Karlsson.
13:11 of 1st period - Deflect By Patrice Bergeron.
13:11 of 1st period - Shot Blocked by Brian Strait.
13:13 of 1st period - Shot by Andrew Copp.
13:13 of 1st period - Stopped by Frederik Andersen with a rebound.
13:15 of 1st period - Shot by Melker Karlsson.
13:15 of 1st period - Shot Misses the Net.
13:38 of 1st period - Minor Penalty to Dustin Byfuglien for Cross-checking.
13:39 of 1st period - Leon Draisaitl wins face-off versus Leo Komarov in Hurricanes zone.
13:58 of 1st period - Shot by Leon Draisaitl.
13:58 of 1st period - Stopped by Frederik Andersen with a rebound.
14:07 of 1st period - Off-side.
14:08 of 1st period - Patrice Bergeron wins face-off versus Leo Komarov in neutral zone.
15:03 of 1st period - Icing by Shea Weber.
15:04 of 1st period - Marcus Foligno wins face-off versus Ryan Spooner in Bruins zone.
15:33 of 1st period - Shot by Michael Frolik.
15:33 of 1st period - Shot Misses the Net.
15:35 of 1st period - Shot by Brett Pesce.
15:35 of 1st period - Shot Misses the Net.
15:59 of 1st period - Shot by Nick Foligno.
15:59 of 1st period - Stopped by Carey Price with a rebound.
16:49 of 1st period - Shot by Corey Perry.
16:49 of 1st period - Stopped by Frederik Andersen without a rebound.
16:50 of 1st period - Andrew Copp wins face-off versus Bryan Little in Hurricanes zone.
16:55 of 1st period - Shot by Patrice Bergeron.
16:55 of 1st period - Shot Blocked by Brett Pesce.
16:57 of 1st period - Shot by Andrew Copp.
16:57 of 1st period - Stopped by Frederik Andersen without a rebound.
16:58 of 1st period - Bryan Little wins face-off versus Brendan Gallagher in Hurricanes zone.
16:58 of 1st period - Carl Hagelin is hit by Leon Draisaitl and loses puck.
17:21 of 1st period - Icing by Bryan Little.
17:22 of 1st period - Carl Soderberg wins face-off versus Bryan Little in Hurricanes zone.
17:35 of 1st period - Carl Soderberg is hit by Dustin Byfuglien and loses puck.
17:42 of 1st period - Torey Krug is hit by Carl Hagelin and loses puck.
18:00 of 1st period - Torey Krug is hit by Nick Foligno and loses puck.
18:28 of 1st period - Icing by Brett Pesce.
18:29 of 1st period - Ryan Spooner wins face-off versus Nick Foligno in Hurricanes zone.
19:09 of 1st period - Icing by Dustin Byfuglien.
19:10 of 1st period - Patrice Bergeron wins face-off versus Leo Komarov in Hurricanes zone.
19:21 of 1st period - Shot by Zach Parise.
19:21 of 1st period - Stopped by Carey Price without a rebound.
19:22 of 1st period - Andrew Copp wins face-off versus Bryan Little in Bruins zone.
19:50 of 1st period - Shot by Alex Chiasson.
19:50 of 1st period - Stopped by Carey Price with a rebound.
Goals for this period are 1 for Bruins vs 0 for Hurricanes.
Shots for this period are 13 for Bruins vs 4 for Hurricanes.

2nd period


0:01 of 2nd period - Derek Ryan wins face-off versus Corey Perry in neutral zone.
0:12 of 2nd period - Shot by Michael Frolik.
0:12 of 2nd period - Stopped by Carey Price without a rebound.
0:13 of 2nd period - Leon Draisaitl wins face-off versus Leo Komarov in Bruins zone.
0:17 of 2nd period - Ryan Spooner is hit by Leo Komarov and loses puck.
0:32 of 2nd period - Shot by Brendan Gallagher.
0:32 of 2nd period - Shot Blocked by Patrick Wiercioch.
0:34 of 2nd period - Shot by Torey Krug.
0:34 of 2nd period - Shot Misses the Net.
0:36 of 2nd period - Shot by Brendan Gallagher.
0:36 of 2nd period - Stopped by Frederik Andersen without a rebound.
0:37 of 2nd period - Patrice Bergeron wins face-off versus Derek Ryan in Hurricanes zone.
0:38 of 2nd period - Shot by Andrew Ladd.
0:38 of 2nd period - Shot Misses the Net.
1:02 of 2nd period - Shot by Michael Frolik.
1:02 of 2nd period - Stopped by Carey Price with a rebound.
1:09 of 2nd period - Shot by Michael Frolik.
1:09 of 2nd period - Shot Blocked by Patrice Bergeron.
1:16 of 2nd period - Michael Frolik is hit by Shea Weber and loses puck.
1:35 of 2nd period - Shot by Leo Komarov.
1:35 of 2nd period - Stopped by Carey Price without a rebound.
1:36 of 2nd period - Bryan Little wins face-off versus Leon Draisaitl in Bruins zone.
1:41 of 2nd period - Shot by Alex Chiasson.
1:41 of 2nd period - Shot Blocked by Torey Krug.
1:56 of 2nd period - Ryan Spooner is hit by Jon Merrill and loses puck.
2:00 of 2nd period - Minor Penalty to Jon Merrill for Roughing.
2:01 of 2nd period - Leo Komarov wins face-off versus Leon Draisaitl in Hurricanes zone.
2:09 of 2nd period - Off-side.
2:10 of 2nd period - Patrice Bergeron wins face-off versus Leo Komarov in neutral zone.
2:13 of 2nd period - Shot by Corey Perry.
2:13 of 2nd period - Shot Blocked by Dustin Byfuglien.
2:20 of 2nd period - Icing by P.K. Subban.
2:21 of 2nd period - Brad Richardson wins face-off versus Patrice Bergeron in Bruins zone.
2:34 of 2nd period - Shot by Brad Richardson.
2:34 of 2nd period - Stopped by Carey Price with a rebound.
2:37 of 2nd period - Icing by Shea Weber.
2:38 of 2nd period - Patrice Bergeron wins face-off versus Leo Komarov in Bruins zone.
2:47 of 2nd period - Shot by Shea Weber.
2:47 of 2nd period - Deflect By Patrice Bergeron.
2:47 of 2nd period - Goal by Patrice Bergeron - Bruins : 2 - Hurricanes : 0.
2:48 of 2nd period - Nick Foligno wins face-off versus Leon Draisaitl in neutral zone.
3:09 of 2nd period - Shot by Michael Frolik.
3:09 of 2nd period - Shot Misses the Net.
4:53 of 2nd period - Corey Perry is hit by Brian Dumoulin.
4:55 of 2nd period - Shot by Andrew Ladd.
4:55 of 2nd period - Shot Misses the Net.
7:00 of 2nd period - Carl Soderberg is hit by Lee Stempniak and loses puck.
7:28 of 2nd period - Shot by Carl Hagelin.
7:28 of 2nd period - Shot Misses the Net.
7:30 of 2nd period - Shot by Brian Dumoulin.
7:30 of 2nd period - Shot Misses the Net.
7:35 of 2nd period - Icing by Noah Hanifin.
7:36 of 2nd period - Carl Soderberg wins face-off versus Derek Ryan in Bruins zone.
7:45 of 2nd period - Shot by Dustin Byfuglien.
7:45 of 2nd period - Stopped by Carey Price with a rebound.
7:55 of 2nd period - Shot by Michael Frolik.
7:55 of 2nd period - Shot Misses the Net.
9:07 of 2nd period - Icing by Brett Pesce.
9:08 of 2nd period - Ryan Spooner wins face-off versus Leo Komarov in Hurricanes zone.
9:38 of 2nd period - Shot by Leon Draisaitl.
9:38 of 2nd period - Shot Hit the Post.
9:40 of 2nd period - Shot by Leon Draisaitl.
9:40 of 2nd period - Shot Blocked by Brett Pesce.
9:42 of 2nd period - Shot by Leon Draisaitl.
9:42 of 2nd period - Shot Misses the Net.
9:44 of 2nd period - Shot by Ryan Spooner.
9:44 of 2nd period - Stopped by Frederik Andersen without a rebound.
9:45 of 2nd period - Andrew Copp wins face-off versus Bryan Little in Hurricanes zone.
10:06 of 2nd period - Shot by Andrew Copp.
10:06 of 2nd period - Deflect By Melker Karlsson.
10:06 of 2nd period - Stopped by Frederik Andersen with a rebound.
10:08 of 2nd period - Shot by Shea Weber.
10:08 of 2nd period - Shot Misses the Net.
10:27 of 2nd period - Icing by Jake Muzzin.
10:28 of 2nd period - Derek Ryan wins face-off versus Ryan Spooner in Bruins zone.
10:44 of 2nd period - Jake Muzzin is hit by Jon Merrill and loses puck.
11:48 of 2nd period - Icing by Michael Frolik.
11:49 of 2nd period - Derek Ryan wins face-off versus Corey Perry in Hurricanes zone.
12:00 of 2nd period - Shot by Corey Perry.
12:00 of 2nd period - Shot Misses the Net.
12:02 of 2nd period - Shot by P.K. Subban.
12:02 of 2nd period - Goal by P.K. Subban - Bruins : 3 - Hurricanes : 0.
12:03 of 2nd period - Zach Parise wins face-off versus Patrice Bergeron in neutral zone.
12:09 of 2nd period - Shot by Lee Stempniak.
12:09 of 2nd period - Stopped by Carey Price with a rebound.
12:11 of 2nd period - Shot by Zach Parise.
12:11 of 2nd period - Shot Blocked by Torey Krug.
12:13 of 2nd period - Shot by Dustin Byfuglien.
12:13 of 2nd period - Stopped by Carey Price without a rebound.
12:14 of 2nd period - Leon Draisaitl wins face-off versus Bryan Little in Bruins zone.
12:14 of 2nd period - Leon Draisaitl is hit by Bryan Little.
12:17 of 2nd period - Icing by Shea Weber.
12:18 of 2nd period - Leo Komarov wins face-off versus Leon Draisaitl in Bruins zone.
12:23 of 2nd period - Shot by Leo Komarov.
12:23 of 2nd period - Shot Misses the Net.
13:12 of 2nd period - Off-side.
13:13 of 2nd period - Bryan Little wins face-off versus Corey Perry in neutral zone.
13:29 of 2nd period - Shot by Patrice Bergeron.
13:29 of 2nd period - Shot Misses the Net.
13:49 of 2nd period - Shot by Patrice Bergeron.
13:49 of 2nd period - Stopped by Frederik Andersen without a rebound.
13:50 of 2nd period - Carl Soderberg wins face-off versus Derek Ryan in Hurricanes zone.
14:55 of 2nd period - Shot by Andrew Copp.
14:55 of 2nd period - Stopped by Frederik Andersen without a rebound.
14:56 of 2nd period - Leon Draisaitl wins face-off versus Bryan Little in Hurricanes zone.
15:21 of 2nd period - Shot by Bryan Little.
15:21 of 2nd period - Shot Misses the Net.
15:23 of 2nd period - Shot by Marcus Foligno.
15:23 of 2nd period - Shot Misses the Net.
15:27 of 2nd period - Shot by Bryan Little.
15:27 of 2nd period - Goal by Bryan Little - Bruins : 3 - Hurricanes : 1.
15:28 of 2nd period - Patrice Bergeron wins face-off versus Leo Komarov in neutral zone.
15:40 of 2nd period - Off-side.
15:41 of 2nd period - Andrew Copp wins face-off versus Derek Ryan in neutral zone.
16:06 of 2nd period - Shot by Dustin Byfuglien.
16:06 of 2nd period - Stopped by Carey Price with a rebound.
16:21 of 2nd period - Icing by P.K. Subban.
16:22 of 2nd period - Patrice Bergeron wins face-off versus Leo Komarov in Bruins zone.
16:22 of 2nd period - Patrice Bergeron is hit by Leo Komarov.
17:11 of 2nd period - Icing by Jake Muzzin.
17:12 of 2nd period - Bryan Little wins face-off versus Leon Draisaitl in Bruins zone.
17:13 of 2nd period - Shot by Carl Hagelin.
17:13 of 2nd period - Shot Misses the Net.
17:25 of 2nd period - Icing by Jake Muzzin.
17:26 of 2nd period - Leon Draisaitl wins face-off versus Derek Ryan in Bruins zone.
17:31 of 2nd period - Shot by Brendan Gallagher.
17:31 of 2nd period - Shot Misses the Net.
17:43 of 2nd period - Shot by Nick Foligno.
17:43 of 2nd period - Stopped by Carey Price with a rebound.
18:14 of 2nd period - Icing by Nick Foligno.
18:15 of 2nd period - Carl Soderberg wins face-off versus Derek Ryan in Hurricanes zone.
18:36 of 2nd period - Shot by Connor Brown.
18:36 of 2nd period - Shot Blocked by Brian Dumoulin.
18:38 of 2nd period - Shot by Noah Hanifin.
18:38 of 2nd period - Shot Misses the Net.
18:40 of 2nd period - Shot by Jake Guentzel.
18:40 of 2nd period - Deflect By Carl Soderberg.
18:40 of 2nd period - Shot Misses the Net.
18:42 of 2nd period - Shot by Carl Soderberg.
18:42 of 2nd period - Shot Misses the Net.
18:44 of 2nd period - Shot by Carl Soderberg.
18:44 of 2nd period - Stopped by Frederik Andersen without a rebound.
18:45 of 2nd period - Leo Komarov wins face-off versus Andrew Copp in Hurricanes zone.
18:47 of 2nd period - Icing by Dustin Byfuglien.
18:48 of 2nd period - Patrice Bergeron wins face-off versus Leo Komarov in Hurricanes zone.
18:50 of 2nd period - Corey Perry is hit by Dustin Byfuglien and loses puck.
19:10 of 2nd period - Shot by Lee Stempniak.
19:10 of 2nd period - Stopped by Carey Price without a rebound.
19:11 of 2nd period - Bryan Little wins face-off versus Leon Draisaitl in Bruins zone.
19:22 of 2nd period - Shot by Brendan Gallagher.
19:22 of 2nd period - Stopped by Frederik Andersen without a rebound.
19:23 of 2nd period - Patrice Bergeron wins face-off versus Lee Stempniak in Hurricanes zone.
19:54 of 2nd period - Keith Yandle is hit by Andrew Ladd and loses puck.
Goals for this period are 2 for Bruins vs 1 for Hurricanes.
Shots for this period are 9 for Bruins vs 11 for Hurricanes.

3rd period


0:01 of 3rd period - Derek Ryan wins face-off versus Patrice Bergeron in neutral zone.
0:19 of 3rd period - Minor Penalty to Andrew Ladd for Diving.
0:20 of 3rd period - Patrice Bergeron wins face-off versus Bryan Little in Bruins zone.
0:36 of 3rd period - Patrice Bergeron is hit by Brett Pesce.
0:38 of 3rd period - Shot by Leon Draisaitl.
0:38 of 3rd period - Stopped by Frederik Andersen without a rebound.
0:39 of 3rd period - Patrice Bergeron wins face-off versus Derek Ryan in Hurricanes zone.
1:06 of 3rd period - Jake Muzzin is hit by Alex Chiasson and loses puck.
1:14 of 3rd period - Icing by Dustin Byfuglien.
1:15 of 3rd period - Derek Ryan wins face-off versus Patrice Bergeron in Hurricanes zone.
1:36 of 3rd period - Shot by Lee Stempniak.
1:36 of 3rd period - Stopped by Carey Price without a rebound.
1:37 of 3rd period - Corey Perry wins face-off versus Bryan Little in Bruins zone.
1:50 of 3rd period - Shot by Bryan Little.
1:50 of 3rd period - Stopped by Carey Price without a rebound.
1:51 of 3rd period - Patrice Bergeron wins face-off versus Bryan Little in Bruins zone.
2:14 of 3rd period - Shea Weber is hit by Lee Stempniak and loses puck.
2:40 of 3rd period - Minor Penalty to Jake Guentzel for High sticking.
2:41 of 3rd period - Patrice Bergeron wins face-off versus Bryan Little in Bruins zone.
4:49 of 3rd period - Michael Frolik is hit by Carl Soderberg and loses puck.
5:07 of 3rd period - Shot by Jake Guentzel.
5:07 of 3rd period - Stopped by Frederik Andersen without a rebound.
5:08 of 3rd period - Derek Ryan wins face-off versus Patrice Bergeron in Hurricanes zone.
5:17 of 3rd period - Shot by Derek Ryan.
5:17 of 3rd period - Deflect By Brad Richardson.
5:17 of 3rd period - Stopped by Carey Price without a rebound.
5:18 of 3rd period - Carl Hagelin wins face-off versus Leon Draisaitl in Bruins zone.
5:27 of 3rd period - Icing by Brett Pesce.
5:28 of 3rd period - Marcus Foligno wins face-off versus Patrice Bergeron in Hurricanes zone.
5:28 of 3rd period - Brett Pesce is hit by Andrew Ladd and loses puck.
6:07 of 3rd period - Patrice Bergeron is hit by Brad Richardson and loses puck.
6:18 of 3rd period - P.K. Subban is hit by Derek Ryan and loses puck.
6:50 of 3rd period - Derek Ryan is hit by Shea Weber and loses puck.
7:19 of 3rd period - Shot by Zach Parise.
7:19 of 3rd period - Stopped by Carey Price without a rebound.
7:20 of 3rd period - Carl Soderberg wins face-off versus Bryan Little in Bruins zone.
7:20 of 3rd period - Carl Soderberg is hit by Bryan Little.
8:02 of 3rd period - Dustin Byfuglien is hit by Mark Streit and loses puck.
8:30 of 3rd period - Ryan Spooner is hit by Jon Merrill and loses puck.
8:38 of 3rd period - Icing by Brian Dumoulin.
8:39 of 3rd period - Andrew Copp wins face-off versus Leo Komarov in Hurricanes zone.
9:00 of 3rd period - Ryan Spooner is hit by Jon Merrill and loses puck.
9:01 of 3rd period - Minor Penalty to Jon Merrill for Roughing.
9:02 of 3rd period - Brad Richardson wins face-off versus Leon Draisaitl in Hurricanes zone.
9:08 of 3rd period - Icing by Ryan Spooner.
9:09 of 3rd period - Brad Richardson wins face-off versus Leon Draisaitl in Bruins zone.
9:28 of 3rd period - Shot by Torey Krug.
9:28 of 3rd period - Shot Blocked by Brett Pesce.
9:35 of 3rd period - Icing by Jake Muzzin.
9:36 of 3rd period - Leon Draisaitl wins face-off versus Brad Richardson in Bruins zone.
9:49 of 3rd period - Shot by Leon Draisaitl.
9:49 of 3rd period - Deflect By Brendan Gallagher.
9:49 of 3rd period - Stopped by Frederik Andersen with a rebound.
9:59 of 3rd period - Shot by Brad Richardson.
9:59 of 3rd period - Shot Blocked by Ryan Spooner.
10:06 of 3rd period - Icing by Torey Krug.
10:07 of 3rd period - Leo Komarov wins face-off versus Ryan Spooner in Bruins zone.
10:26 of 3rd period - Icing by Leon Draisaitl.
10:27 of 3rd period - Leon Draisaitl wins face-off versus Leo Komarov in Bruins zone.
10:49 of 3rd period - Icing by Jake Muzzin.
10:50 of 3rd period - Brad Richardson wins face-off versus Leon Draisaitl in Bruins zone.
10:55 of 3rd period - Shot by Michael Frolik.
10:55 of 3rd period - Stopped by Carey Price without a rebound.
10:56 of 3rd period - Brad Richardson wins face-off versus Patrice Bergeron in Bruins zone.
11:03 of 3rd period - Shot by Connor Brown.
11:03 of 3rd period - Stopped by Frederik Andersen without a rebound.
11:04 of 3rd period - Patrice Bergeron wins face-off versus Derek Ryan in Hurricanes zone.
11:15 of 3rd period - Shot by Patrice Bergeron.
11:15 of 3rd period - Shot Misses the Net.
11:17 of 3rd period - Shot by Corey Perry.
11:17 of 3rd period - Shot Misses the Net.
11:35 of 3rd period - Shot by Patrice Bergeron.
11:35 of 3rd period - Shot Misses the Net.
11:37 of 3rd period - Shot by P.K. Subban.
11:37 of 3rd period - Stopped by Frederik Andersen without a rebound.
11:38 of 3rd period - Leo Komarov wins face-off versus Carl Soderberg in Hurricanes zone.
11:51 of 3rd period - Shot by Connor Brown.
11:51 of 3rd period - Shot Misses the Net.
11:53 of 3rd period - Shot by Connor Brown.
11:53 of 3rd period - Stopped by Frederik Andersen without a rebound.
11:54 of 3rd period - Andrew Copp wins face-off versus Bryan Little in Hurricanes zone.
12:37 of 3rd period - Shot by Carl Soderberg.
12:37 of 3rd period - Deflect By Connor Brown.
12:37 of 3rd period - Shot Misses the Net.
12:39 of 3rd period - Shot by Carl Soderberg.
12:39 of 3rd period - Shot Misses the Net.
12:41 of 3rd period - Shot by Connor Brown.
12:41 of 3rd period - Stopped by Frederik Andersen without a rebound.
12:42 of 3rd period - Carl Soderberg wins face-off versus Derek Ryan in Hurricanes zone.
12:55 of 3rd period - Shot by Dustin Byfuglien.
12:55 of 3rd period - Stopped by Carey Price with a rebound.
13:04 of 3rd period - Icing by Keith Yandle.
13:05 of 3rd period - Patrice Bergeron wins face-off versus Derek Ryan in Hurricanes zone.
13:34 of 3rd period - Shot by Patrice Bergeron.
13:34 of 3rd period - Shot Blocked by Dustin Byfuglien.
13:42 of 3rd period - Shot by Corey Perry.
13:42 of 3rd period - Shot Misses the Net.
13:44 of 3rd period - Shot by Shea Weber.
13:44 of 3rd period - Shot Misses the Net.
13:58 of 3rd period - Leon Draisaitl is hit by Nick Foligno and loses puck.
14:23 of 3rd period - Shot by Brendan Gallagher.
14:23 of 3rd period - Shot Blocked by Brett Pesce.
14:33 of 3rd period - Shot by Leo Komarov.
14:33 of 3rd period - Shot Blocked by Jake Muzzin.
14:40 of 3rd period - Zach Parise is hit by Torey Krug and loses puck.
15:13 of 3rd period - Shot by Connor Brown.
15:13 of 3rd period - Stopped by Frederik Andersen without a rebound.
15:14 of 3rd period - Bryan Little wins face-off versus Patrice Bergeron in Hurricanes zone.
15:16 of 3rd period - Icing by Dustin Byfuglien.
15:17 of 3rd period - Bryan Little wins face-off versus Patrice Bergeron in Hurricanes zone.
15:22 of 3rd period - Shea Weber is hit by Marcus Foligno and loses puck.
16:19 of 3rd period - Shot by Carl Soderberg.
16:19 of 3rd period - Shot Misses the Net.
16:35 of 3rd period - Shot by Jake Guentzel.
16:35 of 3rd period - Shot Misses the Net.
16:37 of 3rd period - Shot by Carl Soderberg.
16:37 of 3rd period - Stopped by Frederik Andersen without a rebound.
16:38 of 3rd period - Derek Ryan wins face-off versus Ryan Spooner in Hurricanes zone.
16:43 of 3rd period - Shot by Nick Foligno.
16:43 of 3rd period - Stopped by Carey Price without a rebound.
16:44 of 3rd period - Patrice Bergeron wins face-off versus Michael Frolik in Bruins zone.
16:44 of 3rd period - Torey Krug is hit by Nick Foligno and loses puck.
16:53 of 3rd period - Shot by Nick Foligno.
16:53 of 3rd period - Stopped by Carey Price without a rebound.
16:54 of 3rd period - Leon Draisaitl wins face-off versus Leo Komarov in Bruins zone.
17:07 of 3rd period - Shot by Lee Stempniak.
17:07 of 3rd period - Stopped by Carey Price with a rebound.
17:14 of 3rd period - Icing by Ryan Spooner.
17:15 of 3rd period - Derek Ryan wins face-off versus Leon Draisaitl in Bruins zone.
18:06 of 3rd period - Shot by Zach Parise.
18:06 of 3rd period - Stopped by Carey Price without a rebound.
18:07 of 3rd period - Patrice Bergeron wins face-off versus Leo Komarov in Bruins zone.
18:17 of 3rd period - Icing by Keith Yandle.
18:18 of 3rd period - Leo Komarov wins face-off versus Carl Soderberg in Hurricanes zone.
18:18 of 3rd period - Leo Komarov is hit by Carl Soderberg.
18:47 of 3rd period - Minor Penalty to Carl Soderberg for Hooking.
18:48 of 3rd period - Patrice Bergeron wins face-off versus Derek Ryan in Bruins zone.
18:48 of 3rd period - Patrice Bergeron is hit by Nick Foligno.
19:54 of 3rd period - Shot by Dustin Byfuglien.
19:54 of 3rd period - Shot Misses the Net.
19:58 of 3rd period - Shot by Zach Parise.
19:58 of 3rd period - Stopped by Carey Price without a rebound.
19:59 of 3rd period - Bryan Little wins face-off versus Patrice Bergeron in Bruins zone.
Goals for this period are 0 for Bruins vs 0 for Hurricanes.
Shots for this period are 9 for Bruins vs 11 for Hurricanes.